 Dungeon Crawl Stone Soup version 0.17-a0-755-g4391640 (console) character file.

48 sose the Insei (level 3, -2/17 HPs)
             Began as a Vine Stalker Transmuter on Apr 22, 2015.
             Slain by a river rat (7 damage)
             ... on level 2 of the Dungeon.
             The game lasted 00:02:22 (890 turns).

sose the Insei (Vine Stalker Transmuter)             Turns: 890, Time: 00:02:22

Health: -2/17      AC:  3    Str: 12    XL:     3   Next: 72%
Magic:  0/16       EV: 12    Int: 14    God:
Gold:   75         SH:  0    Dex: 14    Spells: 1 memorised, 5 levels left

rFire  . . .     SeeInvis .       - Unarmed
rCold  . . .     Clarity  .     b - +0 robe
rNeg   . . .     SustAb   .     (no shield)
rPois  .         Gourm    .     (no helmet)
rElec  .         Spirit   +     (no cloak)
rCorr  .         Warding  .     (no gloves)
rMut   .         Stasis   .     (no boots)
MR     .....                    (no amulet)
Stlth  +.........               (no ring)
                                m - ring of magical power

@: not resistant to hostile enchantments, very unstealthy
A: fangs 2, regeneration 1, shaggy fur 1, magic shield, antimagic bite, no
device heal 3, rot immunity
a: no special abilities


You were on level 2 of the Dungeon.
You were not hungry.

You visited 1 branch of the dungeon, and saw 2 of its levels.

You collected 75 gold pieces.

Inventory:

Missiles
 a - 12 arrows
Armour
 b - a +0 robe (worn)
Jewellery
 m - a ring of magical power (left hand)
Scrolls
 i - 2 scrolls of identify {unknown}
 l - a scroll of recharging {unknown}
 o - a scroll of noise {unknown}
 p - a scroll of teleportation {unknown}
Potions
 e - a potion of magic {unknown}
 f - a potion of ambrosia {unknown}
 h - a potion of curing {unknown}
 n - a potion of restore abilities {unknown}
Books
 c - a book of Changes

   Spells                             Type                      Level
   a - Beastly Appendage              Transmutation                1
   b - Sticks to Snakes               Transmutation                2
   c - Spider Form                    Transmutation/Poison         3
   d - Ice Form                       Ice/Transmutation            4
   e - Blade Hands                    Transmutation                5
Comestibles
 d - a bread ration
 g - a royal jelly
 j - a meat ration
 k - 5 fruits


   Skills:
 - Level 0.8 Fighting
 - Level 1.5 Dodging
 + Level 4.5 Unarmed Combat
 - Level 2.1 Spellcasting
 - Level 2.0 Transmutations


You had 5 spell levels left.
You knew the following spells:

 Your Spells              Type           Power        Failure   Level  Hunger
a - Beastly Appendage     Trmt           #.....       12%         1    #......


Dungeon Overview and Level Annotations

Branches:
Dungeon (2/15)

Altars:
Cheibriados


Innate Abilities, Weirdness & Mutations

You have extremely sharp teeth.
Your natural rate of healing is unusually fast.
You are covered in fur (AC +1).
When hurt, damage is shared between your health and your magic reserves.
Your bite disrupts and absorbs the magic of your enemies.
Potions and wands cannot restore your health.
You are immune to rotting.


Message History

* * * LOW HITPOINT WARNING * * *
Found a scroll labeled BIRPHI ROMILODI.
A bat comes into view.
Your transformation is almost over.
Found 17 gold pieces.
The adder bites the plant but does no damage.
The adder bites the plant but does no damage.
The adder bites the plant but does no damage.
The adder bites the plant but does no damage.
Your talons disappear.
Things that are here:
a whip; a grey potion You see here 6 gold pieces.
Found 21 bolts and 8 gold pieces.
You closely miss the river rat. Your bite misses the river rat.
The river rat bites you.
* * * LOW HITPOINT WARNING * * *
You closely miss the river rat. Your bite misses the river rat.
The river rat bites you!
You die...

P♣... § #.#### # ..P♣ ♣.. #.# .#
♣♣♣♣♣..♣♣♣♣♣♣P.#### #.#
$.#♣......P♣.P♣.#.#.... #.#
.bP♣.♣P.8..♣.♣♣P#..... #.####
..♣.♣P....P.♣..P....########.....
#....♣8.⌠.8P.♣.♣ $.............##
##.♣.♣P....♣.♣.♣♣(..#######...)'.
##♣..♣.8).♣P..♣@...# ####..).## #
#♣.♣.P...♣.♣♣r♣...# #.........
#.♣.P♣♣P♣$♣.♣♣P.#...# #.##....##
#P♣..♣.S♣P.P.♣♣##...# #.##.....#
#P.§.§.P.♣♣....##<..# #.##.....#
##.§P♣......P♣.P#...# #.##(....#
#♣♣P.....P♣P♣P.♣...####.##.....#
♣§♣.♣♣.♣♣.♣♣ ♣♣...#......(.##.#
#♣♣....)♣♣♣♣♣♣♣...#........##.#


You could see a river rat.

Vanquished Creatures
  An adder (D:2)
  A river rat (D:2)
  2 oozes
  2 worms (D:2)
  3 hobgoblins
  4 kobolds
  A quokka (D:2)
  A giant newt (D:1)
  2 goblins (D:1)
  2 rats (D:1)
19 creatures vanquished.

Notes
Turn   | Place    | Note
--------------------------------------------------------------
     0 | D:1      | sose, the Vine Stalker Transmuter, began the quest for the Orb.
     0 | D:1      | Reached XP level 1. HP: 9/9 MP: 4/4
    46 | D:1      | Reached XP level 2. HP: 12/14 MP: 4/6
   455 | D:2      | Reached skill level 4 in Unarmed Combat
   521 | D:2      | Reached XP level 3. HP: 15/17 MP: 7/7
   544 | D:2      | Found a snail-covered altar of Cheibriados.
   890 | D:2      | Slain by a river rat

Action                   || total
-------------------------++-------
Melee: Unarmed           ||    98
 Cast: Beastly Appendage ||     3
